 Seeded DCSS version 0.28-a0-1567-g1695149f81 (webtiles) character file.

Game seed: 851 (custom seed)

67 knot the Chopper (level 4, 35/35 HPs)
             Began as a Demonspawn Berserker on Jan 20, 2022.
             Was a Follower of Trog.
             Quit the game on level 2 of the Dungeon.
             The game lasted 00:01:06 (2173 turns).

knot the Chopper (Demonspawn Berserker)             Turns: 2173, Time: 00:01:06

Health: 35/35      AC:  2    Str: 17    XL:     4   Next: 0%
Magic:  4/4        EV: 12    Int: 10    God:    Trog [*.....]
Gold:   66         SH:  0    Dex: 13    Spells: 3/3 levels left

rFire   . . .      SeeInvis .   a - +0 hand axe
rCold   . . .      Faith    .   (no shield)
rNeg    . . .      Spirit   .   b - +0 animal skin
rPois   .          Reflect  .   (no helmet)
rElec   .          Harm     .   (no cloak)
rCorr   .          Rampage  .   (no gloves)
Will    .....                   (no boots)
Stlth   +.........              (no amulet)
HPRegen 0.11/turn               (no ring)
MPRegen 0.09/turn               (no ring)

@: no status effects
A: spiny 1, sturdy frame 1
a: Renounce Religion, Berserk


You were on level 2 of the Dungeon.
You worshipped Trog.
Trog was aware of your devotion.
You visited 1 branch of the dungeon, and saw 2 of its levels.

You collected 66 gold pieces.

Inventory:

Hand Weapons
 a - a +0 hand axe (weapon)
Missiles
 c - 112 stones (quivered)
 h - 2 javelins
Armour
 b - a +0 animal skin (worn)
Scrolls
 f - a scroll of identify {unknown}
 g - a scroll of blinking {unknown}
Potions
 d - a potion of resistance {unknown}
 e - a potion of heal wounds {unknown}


   Skills:
 - Level 3.0 Fighting
 + Level 4.4 Axes
 - Level 1.7 Armour
 - Level 1.7 Dodging


You had 3 spell levels left.
You didn't know any spells.
Your spell library contained the following spells:

 Spells                   Type           Power      Damage    Failure   Level
 Ensorcelled Hibernation  Hex/Ice        0%         N/A       50%         2
 Passwall                 Tmut/Erth      0%         N/A       50%         2
 Swiftness                Air            0%         N/A       75%         3
 Summon Forest            Summ/Tloc      0%         N/A       100%        5
 Eringya's Noxious Bog    Tmut/Pois      0%         N/A       100%        6
 Summon Hydra             Summ           0%         N/A       100%        7


Dungeon Overview and Level Annotations

Branches:
Dungeon (2/15)

Altars:


Innate Abilities, Weirdness & Mutations

You are partially covered in sharp spines.
Your movements are slightly less encumbered by armour. (ER -2)


Message History

You open the door.
There is an open door here.
You open the door.
There is an open door here.
As you open the door, it creaks loudly!
There is an open door here.
You open the door.
There is an open door here.
As you open the door, it creaks loudly!
There is an open door here.
You open the door.
There is an open door here.
You open the door.
There is an open door here.
Key pressed, stopping explore.
You see here a bat skeleton.
You pick up a Fen Folio and begin reading...
You add the spells Summon Forest, Eringya's Noxious Bog and Summon Hydra to your library.
Found a stone staircase leading down.
No target in view!
Found a leather armour.
No target in view!
No target in view!
There is a stone staircase leading down here.
c - 112 stones (gained 17)
You see here a +0 leather armour.
Found a leather armour.
No target in view!
There is a stone staircase leading up here.
A rat comes into view.
The rat moves out of view.
A rat is nearby!
The rat barely misses you.
You hit the rat.
You kill the rat!
Trog accepts your kill.
You have reached level 4!
You feel agile.
Your demonic ancestry asserts itself...
Sharp spines emerge from parts of your body.
Are you sure you want to abandon this character and quit the game? (Confirm with "yes".)

.# #..# #.###..#.........#.#
#.. .#
#>.###................#[# #..
## #..........##...#.<...#.#
#.. #
##.###..##.##...##...##.###..
#
#...........................
#
####........#####.####......
# #........# #.# ####### #
#........# #.# # # ##.#####@#
###### #.# #.#####.# #..... #
#.# #.......# #.#### # #.#
###.##### #<# # # #.# #.# #.#
# #.# #.# #.# # ##########.#
#.#########.# # ##.........#
#...........# #
##..#.####.#### #############
#


There were no monsters in sight!

Vanquished Creatures
  A hound (D:2)
  An adder (D:2)
  3 worms (D:2)
  5 bats
  A giant cockroach (D:1)
  2 hobgoblins (D:1)
  2 kobolds
  A quokka (D:2)
  2 ball pythons (D:1)
  2 frilled lizards
  4 rats
24 creatures vanquished.

Notes
Turn   | Place    | Note
-------+----------+-------------------------------------------
     0 | D:1      | knot the Demonspawn Berserker began the quest for the Orb.
     0 | D:1      | Reached XP level 1. HP: 18/18 MP: 1/1
    38 | D:1      | Reached skill level 3 in Axes
   436 | D:1      | Gained mutation: Your movements are slightly less
                  | encumbered by armour. (ER -2) [demonic ancestry]
   436 | D:1      | Reached XP level 2. HP: 24/24 MP: 2/2
  1037 | D:2      | Reached skill level 4 in Axes
  1037 | D:2      | Reached XP level 3. HP: 22/29 MP: 3/3
  2173 | D:2      | Gained mutation: You are partially covered in sharp spines.
                  | [demonic ancestry]
  2173 | D:2      | Reached XP level 4. HP: 35/35 MP: 4/4
  2173 | D:2      | Quit the game

Illustrated notes

Levels and vault maps discovered:
D:1:      eino_arrival_cavern_d, layout_basic, grunt_decor_cap
D:2:      layout_loops_ring, minmay_door_square

Skill      XL: |  1  2 |
---------------+-------+-----
Axes           | 3 4 |  4.4
Fighting       | |  3.0
Armour         | |  1.7
Dodging        | |  1.7

Action                   |  1- 3 |  4- 6 || total
-------------------------+-------+-------++-------
Melee: Hand axe          |    74 |       ||    74
Invok: Berserk           |     2 |       ||     2
 Stab: Distracted        |     1 |       ||     1
Armor: Animal skin       |    17 |       ||    17
Dodge: Dodged            |    44 |       ||    44

Table legend: (Time is in decaauts)
 A = Elapsed time spent in this place.
 B = Non-inter-level travel time spent in this place.
 C = Inter-level travel time spent in this place.
 D = Time resting spent in this place.
 E = Time spent auto-exploring this place.
 F = Levels seen in this place.
 G = Mean time per level.
                   A        B        C        D        E       F      G
               +--------+--------+--------+--------+--------+-----+--------+
         Total |   2201 |   2184 |     17 |    542 |   1437 |   2 | 1100.5 |
       Dungeon |   2201 |   2184 |     17 |    542 |   1437 |   2 | 1100.5 |
               +--------+--------+--------+--------+--------+-----+--------+

Top non-repeatable levels by time:
     D:2: 1186 daAuts
     D:1: 1015 daAuts
